 Dungeon Crawl Stone Soup version 0.21.0-36-ge3e1d5a (webtiles) character file.

42 Diojeanne the Chopper (level 3, -1/49 HPs)
             Began as a Minotaur Berserker on Jan 29, 2018.
             Was a Believer of Trog.
             Slain by Robin
             ... wielding a +0 trident of piercing
              (4 damage)
             ... on level 2 of the Dungeon.
             The game lasted 00:04:27 (1440 turns).

Diojeanne the Chopper (Minotaur Berserker)          Turns: 1440, Time: 00:04:28

Health: -1/49      AC:  2    Str: 27    XL:     3   Next: 33%
Magic:  2/2        EV: 12    Int:  4    God:    Trog [**....]
Gold:   38         SH:  0    Dex:  9    Spells: 2/2 levels left

rFire    . . .     SeeInvis +   a - +0 hand axe
rCold    . . .     Gourm    .   (no shield)
rNeg     . . .     Faith    .   b - +0 animal skin
rPois    .         Spirit   .   (helmet restricted)
rElec    .         Reflect  .   (no cloak)
rCorr    .         Harm     .   (no gloves)
MR       .....                  (no boots)
Stlth    ..........             (no amulet)
HPRegen  0.16/turn              n - ring of see invisible
MPRegen  0.08/turn              (no ring)

@: berserking, very quick
A: retaliatory headbutt, horns 2
a: Berserk, Trog's Hand, Burn Spellbooks, Renounce Religion


You were on level 2 of the Dungeon.
You worshipped Trog.
Trog was pleased with you.
You were near starving.

You visited 1 branch of the dungeon, and saw 2 of its levels.

You collected 38 gold pieces.

Inventory:

Hand Weapons
 a - a +0 hand axe (weapon)
 k - a +0 dagger of venom
Missiles
 g - 18 sling bullets
 h - 59 stones (quivered)
 j - 8 needles of paralysis
Armour
 b - a +0 animal skin (worn)
Jewellery
 n - a ring of see invisible (left hand)
Scrolls
 d - a scroll of fear {unknown}
 f - 2 scrolls of remove curse {unknown}
 i - a scroll of teleportation {unknown}
 l - a scroll of blinking {unknown}
 q - a scroll of enchant armour {unknown}
Potions
 e - 2 potions of invisibility {unknown}
 o - 2 potions of curing {unknown}
 p - 2 potions of mutation {unknown}
 r - a potion of might {unknown}
Comestibles
 c - 2 rations


   Skills:
 - Level 4.0 Fighting
 * Level 4.3 Axes
 * Level 3.3 Armour
 + Level 2.5 Dodging


You had 2 spell levels left.
You didn't know any spells.

Dungeon Overview and Level Annotations

Branches:
Dungeon (2/15)

Altars:
Trog
Uskayaw

Annotations:
D:2 Robin


Innate Abilities, Weirdness & Mutations

You reflexively headbutt those who attack you in melee.
You have a pair of horns on your head.


Message History

You feel yourself moving faster!
You feel mighty!
You are near starving!
The goblin hits you with a club.
* * * LOW HITPOINT WARNING * * *
Robin closely misses you. The goblin closely misses you.
You furiously retaliate!
You headbutt the goblin!
You kill the goblin!
Trog accepts your kill.
You slash Robin!
Robin is almost dead.
You miss the goblin. The goblin hits you with a club.
* * * LOW HITPOINT WARNING * * *
You completely miss Robin.
Robin is almost dead.
You hit the goblin.
You kill the goblin!
Trog accepts your kill.
Robin hits you with a trident of piercing!
* * * LOW HITPOINT WARNING * * *
You die...

..........>..#..# #.#
.......##....#..#..#.#
........+....#..#..#.#
.......##...##..#..#.#
.<.....##...##..#..#.#
.....#.##...##..#..#.#
.....+..+...+.).#..#.#
.....##.#...###)#..#.#
.....+.........)@g.#.#
.....##+##.....##.##.#
...............# .##.#
...............# .##.#
...............# .##.#
...#.....#.....# .##.#
...#...#.......# .##.#
..++...+.......#
.##.######
...#...#.......
#......#


You could see Robin.

Vanquished Creatures
  An adder (D:2)
  A dart slug (D:1)
  A giant cockroach (D:1)
  2 hobgoblins
  6 kobolds (D:1)
  A quokka (D:2)
  2 ball pythons
  3 bats
  A frilled lizard (D:1)
  8 goblins
  2 rats
28 creatures vanquished.

Notes
Turn   | Place    | Note
-------+----------+-------------------------------------------
     0 | D:1      | Diojeanne the Minotaur Berserker began the quest for the Orb.
     0 | D:1      | Reached XP level 1. HP: 19/19 MP: 0/0
    10 | D:1      | Noticed an electric eel
   305 | D:1      | Reached XP level 2. HP: 24/27 MP: 1/1
  1140 | D:2      | Found a hide-covered altar of Uskayaw.
  1154 | D:2      | Found a bloodstained altar of Trog.
  1325 | D:2      | Reached XP level 3. HP: 33/33 MP: 2/2
  1427 | D:2      | Reached ** piety under Trog
  1433 | D:2      | Noticed Robin
  1440 | D:2      | Slain by Robin

Skill      XL: |  1  2 |
---------------+-------+-----
Axes           | 4 |  4.3
Armour         | 3 |  3.3
Fighting       | 4 |  4.0
Dodging        | |  2.5

Action                   || total
-------------------------++-------
Melee: Hand axe          ||    44
       Headbutt          ||     8
Throw: Stone             ||    11
Invok: Berserk           ||     1
  Eat: Chunk             ||     1
Armor: Animal skin       ||    13
Dodge: Dodged            ||    33
